cohdb
Replays
Latest Replays
All Replays
Popular Replays
Top Player Replays
Match Explorer
How It Works
Community
CoH3 Stats
Reddit
Sign in to upload your games and track your stats! →
Sign in with Steam
Match 42659540
Unlisted
Match 42659540
Overview
Messages
Build Orders
End
Kettenkrad Recon Vehicle
Construct Infanterie Kompanie
Selects Terror Battlegroup
MG 42 Machine Gun Team
Selects Machine Gun Camouflage
MG 42 Machine Gun Team
Construct Panzergrenadier Kompanie
Panzergrenadier Squad
Panzergrenadier Squad
Medical Station
Selects Interrogate
Pak 40 Anti-tank Gun Team
Construct Panzer Kompanie
MG 42 Bunker
Selects Defend the Fatherland
Panzer IV Medium Tank
Side Skirts
Sturmpanzer IV Brummbär
Selects Propaganda Leaflet Drop
Stoßtruppen Squad
Panzer IV Medium Tank
Selects V1 Rocket Strike
Panzer IV Medium Tank
Pak 40 Anti-tank Gun Team
Pioneer Squad
Selects King Tiger Heavy Tank
Propaganda Leaflet Drop
King Tiger Heavy Tank
Etgo
Jarkke
北风卷地白草折
Magic Thong
0
0
Comments
sign in to comment!
No comments posted yet!